 Dungeon Crawl Stone Soup version 0.26.0-16-gc1dbca0489 (webtiles) character file.

Game seed: 15914965776167668640

66 Froggeryz the Sneak (level 4, -2/38 HPs)
             Began as a Ghoul Delver on Jan 18, 2021.
             Was an Initiate of Qazlal.
             Slain by a goblin
             ... wielding a +0 dagger
             ... led by Robin
              (6 damage)
             ... on level 2 of the Dungeon.
             The game lasted 00:02:05 (2170 turns).

Froggeryz the Sneak (Ghoul Delver)                  Turns: 2170, Time: 00:02:05

Health: -2/38      AC:  3    Str: 16    XL:     4   Next: 15%
Magic:  3/3        EV: 12    Int:  5    God:    Qazlal [......]
Gold:   91         SH:  5    Dex: 16    Spells: 3/3 levels left

rFire    + . .     SeeInvis .     - Unarmed
rCold    + + .     Faith    .   (no shield)
rNeg     + + +     Spirit   .   a - +0 leather armour
rPois    ∞         Reflect  +   (no helmet)
rElec    +         Harm     .   (no cloak)
rCorr    +         Rampage  .   (no gloves)
Will     .....                  (no boots)
Stlth    +++.......             m - amulet of reflection (curse)
HPRegen  0.00/turn              k - +4 ring of slaying
MPRegen  0.08/turn              l - +6 ring of dexterity

@: mighty, resistant
A: claws 1, cold resistance 1, negative energy resistance 3, inhibited
regeneration, torment resistance, unbreathing
a: Renounce Religion


You were on level 2 of the Dungeon.
You worshipped Qazlal.
Qazlal was noncommittal.
You visited 2 branches of the dungeon, and saw 6 of its levels.

You collected 91 gold pieces.

Inventory:

Armour
 a - a +0 leather armour (worn)
 i - a +0 scale mail
Jewellery
 g - an uncursed ring of ice
 k - a +4 ring of slaying (left claw)
 l - a +6 ring of dexterity (right claw)
 m - a cursed amulet of reflection (around neck)
 n - an uncursed ring of fire {unknown}
Wands
 f - a wand of digging (3)
Scrolls
 b - a scroll of fog
 c - 2 scrolls of magic mapping
 h - a scroll of random uselessness {unknown}
 o - a scroll of identify {unknown}
 p - a scroll of immolation {unknown}
 q - a scroll of enchant weapon {unknown}
Potions
 e - a potion of haste
 j - a potion of might


   Skills:
 - Level 3.2 Fighting
 - Level 1.7 Dodging
 - Level 5.4 Stealth
 * Level 4.7 Unarmed Combat


You had 3 spell levels left.
You didn't know any spells.
Your spell library was empty.

Dungeon Overview and Level Annotations

Branches:
Dungeon (5/15)             Temple (1/1) D:5

Altars:
Cheibriados
Makhleb
Nemelex Xobeh
Okawaru
Qazlal
Trog

Annotations:
D:2 Robin


Innate Abilities, Weirdness & Mutations

You thrive by killing the living.
You are immune to poison.
You have sharp fingernails.
Your flesh is cold resistant. (rC+)
You are immune to negative energy. (rN+++)
You do not regenerate when monsters are visible.
You are immune to unholy pain and torment.
You can survive without breathing.


Message History

It was a potion of resistance.
You feel protected. The goblin barely misses you.
The goblin hits you with a +0 dagger.
* * * LOW HITPOINT WARNING * * *
The goblin hits you with a +0 dagger.
* * * LOW HITPOINT WARNING * * *
The goblin closely misses you. x2; You block the goblin's attack.
The leopard gecko hisses angrily.
You claw the goblin!
You kill the goblin!
Qazlal accepts your kill.
You feel better. The goblin hits you.
* * * LOW HITPOINT WARNING * * *
The goblin misses you. The goblin barely misses you.
You claw the hobgoblin!
You kill the hobgoblin!
Qazlal accepts your kill. You block the goblin's attack.
The goblin barely misses you. You block the goblin's attack.
The goblin hits you with a +0 dagger.
You die...

#### ..# ##. .# ...#..# ..
..## #....# .. # B...# #>#
## #. #.#.#..# ###.#
#..###. #.#.##..##...#
#......####$...##..#.###
#......ggg# #..# #.....#
l.....ggg@###..###.....#
..#.l...gg)............#
........K.#.....##........
##.########.....##.....###
... .............####### #
#.^######...........
##..###<†..###.#####
.......†######.#
................


You could see Robin, a leopard gecko, 7 goblins and a kobold.

Vanquished Creatures
  A centaur zombie (D:5)
  An ooze (D:2)
  An adder skeleton (D:5)
  A dart slug (D:1)
  A leopard gecko (D:4)
  An orc (D:4)
  2 giant cockroaches
  3 goblins
  3 hobgoblins
  2 jackals
  A quokka (D:5)
  A bat (D:1)
  4 frilled lizards
  A kobold (D:3)
  A quokka skeleton (D:4)
  2 rats (D:1)
26 creatures vanquished.

Vanquished Creatures (others)
  A hound (D:4)
  A leopard gecko (D:4)
2 creatures vanquished.

Grand Total: 28 creatures vanquished

Notes
Turn   | Place    | Note
-------+----------+-------------------------------------------
     0 | D:5      | Froggeryz the Ghoul Delver began the quest for the Orb.
     0 | D:5      | Reached XP level 1. HP: 19/19 MP: 0/0
    23 | D:5      | Found a staircase to the Ecumenical Temple.
    32 | Temple   | Entered the Ecumenical Temple
    69 | Temple   | Became a worshipper of Qazlal Stormbringer
   785 | D:5      | Reached XP level 2. HP: 11/26 MP: 1/1
   785 | D:5      | Reached XP level 3. HP: 13/31 MP: 2/2
  1070 | D:3      | HP: 1/31 [orc/+0 mace (8)]
  2138 | D:2      | Reached XP level 4. HP: 38/38 MP: 3/3
  2158 | D:2      | Noticed Robin
  2170 | D:2      | Slain by a goblin

Illustrated notes

Levels and vault maps discovered:
D:1:      psy_arrival_radial02, layout_basic
D:2:      layout_rooms, lemuel_round_altar,
          chequers_temple_overflow_statue_of_worship, uniq_natasha, uniq_robin
D:3:      layout_rooms, chequers_ecumenical_altar_simple, minmay_goblin_outpost,
          uniq_jessica, uniq_crazy_yiuf_cottage
D:4:      layout_rooms, old_standard_altar, lemuel_round_altar,
          old_standard_altar, xom_confusion_cloud,
          amcnicky_mini_corridor_feature, st_stairs_2, minmay_quantized,
          uniq_blork_the_orc
D:5:      layout_cave_pools, old_standard_altar, minmay_temple_entry_junction
Temple:   oiseaux_autumnal_temple

Skill      XL: |  1 |
---------------+----+-----
Unarmed Combat | 4 |  4.7
Fighting       | |  3.2
Dodging        | |  1.7
Stealth        | |  5.4

Action                   |  1- 3 |  4- 6 || total
-------------------------+-------+-------++-------
Melee: Unarmed           |    57 |     8 ||    65
  Use: Scroll            |     1 |       ||     1
       Potion            |       |     2 ||     2
 Stab: Sleeping          |     7 |       ||     7
Armor: Leather armour    |    18 |     2 ||    20
Dodge: Dodged            |    44 |    13 ||    57
Block: Other             |     2 |     6 ||     8
